Map: King's Cove LE

Players

TiPtOP - Winner!

  • Race: Terran Terran
  • League: Silver
  • Spawn Location: 5:00

Dogface

  • Race: Protoss Protoss
  • League: Silver
  • Spawn Location: 11:00

VOD

Have the link to the VOD?

Description

Time

  • Played on: Aug. 13, 2019, 12:30 a.m.
  • Length: 8:03
Show
View Real Time Build Order
Export as new Build Order

TiPtOP Terran - Winner!

Build Orders:  

Get SALT Encoding   

  12  0:01  SCV  
  13  0:13  SCV  
  14  0:20  Supply Depot  
  14  0:25  SCV  
  15  0:37  Refinery  
  15  0:43  Barracks  
  15  0:46  SCV  
  16  0:58  SCV  
  17  1:10  SCV  
  18  1:22  SCV  
  19  1:33  Command Center  
  19  1:38  Barracks Reactor  
  19  1:45  SCV  
  20  1:57  SCV  
  20  2:00  Barracks  
  21  2:10  Orbital Command  
  21  2:15  Marine  
  22  2:17  Marine  
  23  2:54  Marine  
  23  2:55  Marine  
  23  2:57  Barracks Tech Lab  
  25  3:05  SCV  
  26  3:10  Supply Depot  
  26  3:16  Factory  
  26  3:17  Orbital Command  
  26  3:20  SCV  
  26  3:24  Marine x2  
  26  3:25  Marauder  
  31  3:27  Stimpack  
  31  3:32  SCV  
  32  3:44  SCV  
  32  3:45  Supply Depot  
  32  3:46  SCV  
  33  4:12  Supply Depot, Factory Reactor  
  33  4:15  SCV  
  33  4:16  Starport  
  34  4:21  Refinery  
  34  4:23  SCV  
  35  4:26  Marine x2  
  35  4:27  Marauder  
  39  4:33  SCV  
  39  4:35  SCV  
  42  4:45  SCV  
  42  4:56  SCV  
  42  4:57  SCV  
  42  4:58  Marine  
  42  4:59  Marine  
  48  5:00  Marauder  
  48  5:09  SCV  
  48  5:10  SCV, Factory Tech Lab  
  50  5:14  Medivac x2  
  50  5:19  Marine x2  
  58  5:21  Marauder  
  58  5:36  SCV x2  
  58  5:42  Refinery  
  60  5:48  SCV x2  
  62  6:13  Supply Depot  
  62  6:34  SCV x2  
  62  6:35  Supply Depot  
  64  6:46  SCV  
  64  7:15  Marine x3  
  64  7:19  Siege Tank  
  64  7:21  Supply Depot  
  70  7:29  Barracks  
  70  7:34  Marauder  
Show
View Real Time Build Order
Export as new Build Order

Dogface Protoss 

Build Orders:  

Get SALT Encoding   

  12  0:01  Probe  
  13  0:13  Probe  
  14  0:26  Probe  
  15  0:31  Pylon  
  15  0:36  Pylon  
  15  0:42  Assimilator  
  15  0:49  Assimilator, Probe  
  16  1:01  Probe  
  17  1:11  Forge  
  17  1:16  Gateway  
  17  1:22  Pylon  
  17  1:32  Probe  
  18  1:44  Probe  
  19  1:56  Probe  
  20  2:03  Zealot  
  23  2:08  Probe  
  23  2:25  Photon Cannon  
  23  2:30  Zealot  
  25  2:40  Cybernetics Core  
  25  2:48  Probe  
  26  2:56  Protoss Shields Level 1  
  26  2:58  Zealot  
  28  3:00  Probe  
  29  3:17  Nexus  
  29  3:35  Pylon x2  
  29  3:58  Photon Cannon  
  29  4:00  Photon Cannon  
  29  4:02  Photon Cannon  
  29  4:10  Stalker, Assimilator  
  29  4:12  Assimilator  
  31  4:28  Shield Battery  
  31  4:45  Stalker  
  33  4:47  Robotics Facility  
  34  4:52  Probe  
  34  5:05  Probe  
  34  5:06  Photon Cannon  
  35  5:15  Stalker  
  35  5:17  Probe  
  35  5:19  Protoss Ground Weapons Level 1  
  38  5:29  Probe  
  39  5:41  Probe  
  40  5:43  Photon Cannon  
  40  5:49  Probe  
  41  5:53  Probe  
  42  6:01  Probe  
  43  6:05  Probe, Observer  
  45  6:13  Probe  
  45  6:17  Probe  
  47  6:25  Probe  
  48  6:29  Probe  
  45  6:41  Probe  
  32  7:28  Photon Cannon  
  32  7:31  Photon Cannon  
  32  7:36  Photon Cannon  
  32  7:38  Photon Cannon  
  32  7:40  Photon Cannon  
Tags
 
Add a new tag
Caveats
  • Supply blocks, unpowered buildings, or Contaminate may cause inaccurate times.
  • Supply counts are checked every 10 seconds.